 Dungeon Crawl Stone Soup version 0.21.1-1-g345015fe64 (webtiles) character file.

128 Khress the Ducker (level 4, -8/23 HPs)
             Began as a Spriggan Chaos Knight on Feb 21, 2018.
             Killed by divine providence
             ... invoked by an orc priest
              (13 damage)
             ... on level 2 of the Dungeon.
             The game lasted 00:06:35 (1485 turns).

Khress the Ducker (Spriggan Chaos Knight)           Turns: 1485, Time: 00:06:36

Health: -8/23      AC:  4    Str:  9    XL:     4   Next: 87%
Magic:  5/5        EV: 20    Int: 15    God:    Xom [...*..]
Gold:   65         SH:  0    Dex: 15    Spells: 3/3 levels left

rFire    . . .     SeeInvis +   a - +0 falchion (chaos)
rCold    . . .     Gourm    .   (shield restricted)
rNeg     . . .     Faith    .   b - +2 robe
rPois    .         Spirit   .   (helmet restricted)
rElec    .         Reflect  .   (no cloak)
rCorr    .         Harm     .   (gloves unavailable)
MR       .....                  (boots unavailable)
Stlth    ++........             (no amulet)
HPRegen  0.07/turn              (no ring)
MPRegen  0.09/turn              (no ring)

@: very quick
A: very small, unfitting armour, see invisible, clever 1, herbivore, speed 3,
slow metabolism 2, wild magic 1, sturdy frame 1
a: Renounce Religion


You were on level 2 of the Dungeon.
You worshipped Xom.
You were a favourite toy of Xom.
You were not hungry.

You visited 1 branch of the dungeon, and saw 2 of its levels.

You collected 65 gold pieces.

Inventory:

Hand Weapons
 a - a +0 falchion of chaos (weapon)
Missiles
 d - 4 stones (quivered)
 e - 21 poisoned needles
 g - 23 bolts
 h - 17 sling bullets
Armour
 b - a +2 robe (worn)
Scrolls
 f - a scroll of fog
 i - a scroll of enchant weapon
Potions
 j - a potion of mutation {unknown}
 k - a potion of degeneration {unknown}
 l - a potion of magic {unknown}
 m - a potion of flight {unknown}
Comestibles
 c - 2 rations


   Skills:
 + Level 2.9 Fighting
 + Level 3.3 Long Blades
 + Level 4.8 Dodging
 + Level 3.1 Stealth


You had 3 spell levels left.
You didn't know any spells.

Dungeon Overview and Level Annotations

Branches:
Dungeon (2/15)

Altars:
Cheibriados
Elyvilon


Innate Abilities, Weirdness & Mutations

You are very small and have problems with some larger weapons.
You are too small for most types of armour.
You have supernaturally acute eyesight. (SInv)
You are a herbivore.
You cover ground extremely quickly.
You need consume almost no food.
Your mind is acute. (Int +2)
Your spells are a little harder to cast, but a little more powerful.
Your movements are slightly less encumbered by armour. (ER -2)


Message History

A kobold and 3 orcs come into view.
The orc wizard shouts!
You hear a shout! x2; The orc shouts! x2
The orc shouts!
An orc priest comes into view. It is wielding a flail.
The kobold shouts!
You hit the kobold.
The kobold is heavily wounded.
Xom is interested.
The kobold closely misses you.
The orc priest mumbles some strange prayers to Beogh against the kobold.
Beogh smites you!
Ouch! That really hurt!
* * * LOW HITPOINT WARNING * * *
An orc comes into view. It is wielding a falchion.
The kobold throws a stone.
The stone misses you.
The orc priest invokes the aid of Beogh against you.
Beogh smites you!
Ouch! That really hurt!
You die...
Xom giggles madly!

.# #.# .#
#.# .# #.#
.# #.# ##
#.# #.#
###### #.#
......##.#
######..@.#
.....o..###
8o..8...# ∆
....o.K...#
o.........#
∆
....o.....#
8..o8.....#
..........#
######....#


You could see an orc priest, an orc wizard, 3 orcs and a kobold.

Vanquished Creatures
  A sky beast (D:2)
  2 bats
  3 giant cockroaches
  10 goblins
  4 hobgoblins
  5 kobolds
  A quokka (D:2)
  A ball python (D:1)
  3 frilled lizards
  5 rats
35 creatures vanquished.

Vanquished Creatures (others)
  A quokka (D:2)
1 creature vanquished.

Grand Total: 36 creatures vanquished

Notes
Turn   | Place    | Note
-------+----------+-------------------------------------------
     0 | D:1      | Khress the Spriggan Chaos Knight began the quest for the Orb.
     0 | D:1      | Reached XP level 1. HP: 11/11 MP: 2/2
     9 | D:1      | XOM: harmless Hex miscast
   369 | D:1      | Reached XP level 2. HP: 11/16 MP: 3/3
   379 | D:1      | XOM: cast spell 'Olgreb's Toxic Radiance'
   451 | D:1      | XOM: 2-stop teleportation journey
   492 | D:1      | XOM: give mutations
   492 | D:1      | Gained mutation: Your mind is acute. (Int +2) [Xom's grace]
   492 | D:1      | Gained mutation: Your spells are a little harder to cast, but a little more powerful. [Xom's grace]
   492 | D:1      | Gained mutation: Your movements are slightly less encumbered by armour. (ER -2) [Xom's grace]
   499 | D:1      | Reached skill level 4 in Dodging
   944 | D:2      | XOM: divination: detect items
  1020 | D:2      | XOM: god gift: scroll labeled FYVVIUKOAL {god gift}
  1113 | D:2      | Found a snail-covered altar of Cheibriados.
  1122 | D:2      | XOM: divination: detect items
  1128 | D:2      | Reached XP level 3. HP: 19/19 MP: 4/4
  1279 | D:2      | Found a white marble altar of Elyvilon.
  1300 | D:2      | Noticed a sky beast
  1316 | D:2      | Killed a sky beast
  1316 | D:2      | Reached XP level 4. HP: 14/23 MP: 5/5
  1485 | D:2      | Killed from afar by an orc priest

Skill      XL: |  1  2  3 |
---------------+----------+-----
Dodging        | 4 |  4.8
Long Blades    | 3 |  3.3
Stealth        | 3 |  3.1
Fighting       | |  2.9

Action                   |  1- 3 |  4- 6 || total
-------------------------+-------+-------++-------
Melee: Falchion          |    89 |    13 ||   102
  Use: Scroll            |     5 |     3 ||     8
 Stab: Sleeping          |     2 |       ||     2
       Confused          |     1 |       ||     1
       Paralysed         |     4 |       ||     4
Armor: Robe              |    11 |     2 ||    13
Dodge: Dodged            |    81 |    11 ||    92
       Rpst.: Falchion   |    21 |     5 ||    26
